 Dungeon Sprint DCSS version 0.21.1-1-g345015fe64 (webtiles) character file.

429 Htamos the Unseen (level 6, -1/32 HPs)
             Began as a Spriggan Enchanter on July 13, 2018.
             Slain by an orange demon (6 damage)
             ... summoned by a kobold demonologist
             ... while paralysed by a floating eye
             ... in the Dungeon (Sprint I: "Red Sonja").
             The game lasted 00:02:01 (79 turns).

Htamos the Unseen (Spriggan Enchanter)                Turns: 79, Time: 00:02:01

Health: -1/32      AC:  2    Str:  4    XL:     6   Next: 66%
Magic:  11/11      EV:  4    Int: 16    God:
Gold:   216        SH:  0    Dex: 19    Spells: 9/10 levels left

rFire    . . .     SeeInvis +   a - +1 dagger
rCold    . . .     Gourm    .   (shield restricted)
rNeg     . . .     Faith    .   b - +0 robe
rPois    .         Spirit   .   (helmet restricted)
rElec    .         Reflect  .   (no cloak)
rCorr    .         Harm     .   (gloves unavailable)
MR       +....     NoTele   +   (boots unavailable)
Stlth    +++++++...             (no amulet)
HPRegen  0.10/turn              (no ring)
MPRegen  0.12/turn              (no ring)

@: paralysed, lethally poisoned (-1 -> -34), hasted, very quick
A: very small, unfitting armour, see invisible, herbivore, speed 3, slow
metabolism 2
a: no special abilities


You were in the Dungeon.
You were not hungry.

You visited 1 branch You collected 216 gold pieces.

Inventory:

Hand Weapons
 a - a +1 dagger (weapon)
Armour
 b - a +0 robe (worn)
Wands
 i - a wand of digging (16)
Scrolls
 j - a scroll of blinking
Potions
 e - a potion of curing
 f - a potion of heal wounds
 h - 2 potions of magic
Books
 c - a book of Maledictions

   Spells                             Type                      Level
   a - Corona                         Hexes                        1
   b - Ensorcelled Hibernation        Hexes/Ice                    2
   c - Confuse                        Hexes                        3
   d - Tukima's Dance                 Hexes                        3
   e - Dazzling Spray                 Conjuration/Hexes            3
Comestibles
 d - a ration


   Skills:
 + Level 3.3 Fighting
 - Level 1.1 Short Blades
 + Level 10.6 Dodging
 + Level 17.1 Stealth
 - Level 2.6 Spellcasting
 - Level 3.6 Hexes


You had 9 spell levels left.
You knew the following spells:

 Your Spells              Type           Power        Failure   Level  Hunger
a - Corona                Hex            ##.....      4%          1    #......


Dungeon Overview and Level Annotations

Branches:
Dungeon (1/1)

Altars:
Makhleb
Xom
Jiyva
Lugonu


Innate Abilities, Weirdness & Mutations

You are very small and have problems with some larger weapons.
You are too small for most types of armour.
You have supernaturally acute eyesight. (SInv)
You are a herbivore.
You cover ground extremely quickly.
You need consume almost no food.


Message History

You hit the kobold demonologist.
The kobold demonologist is lightly wounded.
The kobold demonologist misses you.
The floating eye gazes piercingly through you!
You suddenly lose the ability to move!
The orange demon stings you from afar!
* * * LOW HITPOINT WARNING * * *
You are lethally poisoned!
The orange demon poisons you!
* * * LOW HITPOINT WARNING * * *
You feel sick.
The kobold demonologist hits you but does no damage.
The orange demon stings you from afar.
* * * LOW HITPOINT WARNING * * *
You are more poisoned.
The orange demon poisons you!
* * * LOW HITPOINT WARNING * * *
You feel sick.
The kobold demonologist casts a spell.
The orange demon stings you from afar.
You die...

#########################
<.#.)'..#.)'..#__#G535..#
..'..#.)'..#..'5@K4K#5..#
..#####+#####+#_5####35.+
..# #### ##### ..# ..#
⌠⌠# ###


You could see an orange demon, 2 kobold demonologists, a neqoxec, a floating
eye, 2 quasits, a crimson imp and a shadow imp.

Vanquished Creatures
  A slime creature (D)
  Sigmund (D)
  An ogre (D)
  Ijyb (D)
4 creatures vanquished.

Notes
Turn   | Place    | Note
-------+----------+-------------------------------------------
     0 | D        | Htamos the Spriggan Enchanter began the quest for the Orb.
     0 | D        | Reached XP level 1. HP: 9/9 MP: 5/5
     3 | D        | Noticed Ijyb
     9 | D        | Killed Ijyb
     9 | D        | Reached skill level 9 in Stealth
     9 | D        | Reached XP level 2. HP: 13/13 MP: 6/6
    12 | D        | Noticed an ogre
    15 | D        | Killed an ogre
    15 | D        | Reached skill level 14 in Stealth
    15 | D        | Reached XP level 3. HP: 16/16 MP: 8/8
    15 | D        | Reached XP level 4. HP: 21/21 MP: 9/9
    18 | D        | Noticed Sigmund
    20 | D        | Killed Sigmund
    20 | D        | Reached skill level 16 in Stealth
    20 | D        | Reached XP level 5. HP: 24/24 MP: 10/10
    32 | D        | Found a burning altar of Makhleb.
    32 | D        | Found a viscous altar of Jiyva.
    32 | D        | Found a shimmering altar of Xom.
    32 | D        | Found a corrupted altar of Lugonu.
    32 | D        | Noticed a slime creature
    35 | D        | Killed a slime creature
    35 | D        | Reached skill level 10 in Dodging
    35 | D        | Reached skill level 17 in Stealth
    35 | D        | Reached XP level 6. HP: 32/32 MP: 11/11
    47 | D        | Noticed a kobold demonologist
    47 | D        | Noticed a floating eye
    48 | D        | Noticed a kobold demonologist
    51 | D        | Paralysed by a floating eye for 4 turns
    55 | D        | Noticed a neqoxec
    62 | D        | Paralysed by a floating eye for 2 turns
    67 | D        | Noticed an orange demon
    77 | D        | Paralysed by a floating eye for 2 turns
    79 | D        | Slain by an orange demon

Skill      XL: |  1  2  3  4  5 |
---------------+----------------+-----
Stealth        | 9 14 16 17 | 17.1
Dodging        | 8 10 | 10.6
Fighting       | 3 |  3.3
Short Blades   | |  1.1
Spellcasting   | |  2.6
Hexes          | |  3.6

Action                   |  1- 3 |  4- 6 || total
-------------------------+-------+-------++-------
Melee: Dagger            |     6 |    14 ||    20
  Use: Potion            |     1 |     1 ||     2
 Stab: Sleeping          |     1 |     2 ||     3
Armor: Robe              |       |     4 ||     4
Dodge: Dodged            |     1 |    16 ||    17
